 Dungeon Crawl Stone Soup version 0.23-a0-49-gd9f7a49 (webtiles) character file.

1968 jjfam the Cleaver (level 9, -9/79 HPs)
             Began as a Deep Dwarf Fighter on Aug 7, 2018.
             Was a Follower of Makhleb.
             Mangled by tminei's ghost (10 damage)
             ... on level 6 of the Dungeon.
             The game lasted 00:15:30 (4612 turns).

jjfam the Cleaver (Deep Dwarf Fighter)              Turns: 4612, Time: 00:15:31

Health: -9/79      AC: 12    Str: 23    XL:     9   Next: 0%
Magic:  0/1        EV:  9    Int: 13    God:    Makhleb [*.....]
Gold:   296        SH: 10    Dex: 12    Spells: 8/8 levels left

rFire    + . .     SeeInvis .   a - +1 war axe
rCold    . . .     Gourm    .   c - +0 shield
rNeg     . . .     Faith    .   z - +1 scale mail {MR+}
rPois    .         Spirit   .   l - +0 helmet
rElec    .         Reflect  .   (no cloak)
rCorr    .         Harm     .   (no gloves)
MR       ++...                  (no boots)
Stlth    ..........             (no amulet)
HPRegen  0.00/turn              g - ring of protection from fire
MPRegen  0.07/turn              t - ring of flight

@: non-regenerating, drained
A: damage resistance, heal wounds, iridescent scales 1, clever 2, sense
surroundings 2, no regeneration
a: Heal Wounds, Renounce Religion, Evoke Flight


You were on level 6 of the Dungeon.
You worshipped Makhleb.
Makhleb was aware of your devotion.
You were hungry.

You visited 2 branches of the dungeon, and saw 7 of its levels.

You collected 296 gold pieces.

Inventory:

Hand Weapons
 a - a +1 war axe (weapon)
Missiles
 y - 4 silver javelins (quivered)
Armour
 c - a +0 shield (worn)
 l - a +0 helmet (worn)
 z - a +1 scale mail of magic resistance (worn)
Jewellery
 g - a ring of protection from fire (left hand)
 m - an uncursed ring of resist corrosion
 t - a ring of flight (right hand)
 w - an uncursed ring of ice
Wands
 n - a wand of polymorph (8)
 q - a wand of paralysis (14)
 A - a wand of random effects (21)
Scrolls
 i - 2 scrolls of enchant weapon
 j - 2 scrolls of remove curse
 k - 4 scrolls of teleportation
 p - 2 scrolls of fog
 v - 2 scrolls of immolation
Potions
 d - a potion of might
 e - a potion of cancellation
 h - a potion of invisibility
 r - a potion of haste
 s - 4 potions of curing
 u - a potion of mutation
 x - 2 potions of resistance
 B - 2 potions of lignification {unknown}
 C - a potion of brilliance
 E - a potion of agility {unknown}
Comestibles
 f - 11 rations
 o - 9 chunks of flesh


   Skills:
 + Level 4.7(4.4) Fighting
 + Level 8.4(8.1) Axes
 + Level 6.7(6.4) Armour
 + Level 3.4(3.1) Dodging
 + Level 0.7(0.4) Stealth
 + Level 6.1(5.8) Shields


You had 8 spell levels left.
You didn't know any spells.
Your spell library contained the following spells:

 Spells                   Type           Power        Failure   Level  Hunger
 Confuse                  Hex            #.......     100%        3    ####...
 Confusing Touch          Hex            #.....       93%         1    ##.....
 Metabolic Englaciation   Hex/Ice        #.........   100%        5    ######.
 Petrify                  Tmut/Erth      #.......     100%        4    #####..
 Gell's Gravitas          Tloc           #.........   100%        3    ####...
 Yara's Violent Unravell  Hex/Tmut       #.........   100%        5    ######.


Dungeon Overview and Level Annotations

Branches:
Dungeon (6/15)             Temple (1/1) D:5

Altars:
Ashenzari
Cheibriados
Elyvilon
Fedhas
Gozag
Kikubaaqudgha
Makhleb
Nemelex Xobeh
Okawaru
Sif Muna
Trog
Uskayaw
Vehumet
Wu Jian
Xom
Yredelemnul
Zin
The Shining One

Annotations:
D:6 tminei's ghost, novice TrBe


Innate Abilities, Weirdness & Mutations

You are resistant to damage.
You can heal yourself by infusing magical energy.
You passively map the area around you.
You do not regenerate.
You are partially covered in iridescent scales. (AC +2)
Your mind is very acute. (Int +4)


Message History

* * * LOW HITPOINT WARNING * * *
You closely miss tminei's ghost.
Tminei's ghost is heavily damaged.
Tminei's ghost barely misses you.
You barely miss tminei's ghost.
Tminei's ghost is heavily damaged.
Tminei's ghost hits you!
* * * LOW HITPOINT WARNING * * *
You feel your power leaking away.
You hit tminei's ghost.
Tminei's ghost is severely damaged.
You block tminei's ghost's attack.
You slash tminei's ghost!
Tminei's ghost is severely damaged.
Tminei's ghost hits you!
* * * LOW HITPOINT WARNING * * *
You hit tminei's ghost but do no damage.
Tminei's ghost is severely damaged.
Tminei's ghost hits you!
You die...

....#...#.....#...'....#...'.....
....+...'.....#...#....#...#.....
##+######.....#####....###.#.....
....................####*#####...
....................#,,,,,,,,#...
.........#######....#,,,,,,,,#...
.........#.(..♣#....#,,,,,,,,#...
.........#.$...#....#,,,,,,,,#...
.........#...(.W@...#,,,,,,,,#...
.........#(....')...#,,***,**#...
######'#.#..(..'.####,,***,####'#
#......#.#(...(#..,,,,,,,,,#....#
#......+.#.....#..,,,,,,,,,#....#
#......#.##########*,,,**,,##...#
'......#.....#....#*,,,**,,*#...#
########.....#....#,,,,,*,,######
##...........+....#,,,,,*,,#...<.


You could see tminei's ghost.

Vanquished Creatures
  Grinder (D:5)
  Sigmund (D:3)
  The ghost of Oddysee the Skirmisher, an amateur DrBe of Trog (D:3)
  An orc warrior (D:6)
  2 phantoms
  An ogre (D:4)
  3 centaurs (D:6)
  A bullfrog (D:6)
  Blork the orc (D:5)
  2 howler monkeys (D:4)
  3 crimson imps
  A hound (D:4)
  3 orc priests
  An iguana (D:3)
  3 orc wizards
  3 worker ants
  Terence (D:2)
  A howler monkey zombie (D:5)
  4 gnolls
  8 adders
  2 oozes
  An adder skeleton (D:5)
  A worm (D:2)
  2 dart slugs (D:4)
  22 orcs
  A ball python (D:2)
  9 bats
  2 giant cockroaches (D:3)
  6 goblins
  8 hobgoblins
  2 jackals (D:4)
  3 quokkas
  2 frilled lizards
  A jackal skeleton (D:4)
  10 kobolds
  A leopard gecko skeleton (D:6)
  A leopard gecko zombie (D:6)
  5 rats
121 creatures vanquished.

Notes
Turn   | Place    | Note
-------+----------+-------------------------------------------
     0 | D:1      | jjfam the Deep Dwarf Fighter began the quest for the Orb.
     0 | D:1      | Reached XP level 1. HP: 20/20 MP: 1/1
    10 | D:1      | Noticed a draconian
    12 | D:1      | Noticed a felid
    16 | D:1      | Noticed a centaur
    18 | D:1      | Noticed a ghoul
   154 | D:1      | Reached XP level 2. HP: 17/27 MP: 2/2
   772 | D:2      | Reached XP level 3. HP: 33/34 MP: 3/3
   847 | D:2      | Noticed Terence
   862 | D:2      | Killed Terence
   862 | D:2      | Reached skill level 3 in Axes
   862 | D:2      | Reached XP level 4. HP: 35/42 MP: 4/4
  1222 | D:3      | Noticed Sigmund
  1243 | D:3      | Killed Sigmund
  1243 | D:3      | Reached skill level 4 in Axes
  1243 | D:3      | Reached skill level 1 in Dodging
  1243 | D:3      | Reached XP level 5. HP: 38/49 MP: 4/4
  1243 | D:3      | Reached XP level 6. HP: 43/56 MP: 5/5
  1270 | D:3      | Noticed Oddysee's ghost (amateur DrBe)
  1278 | D:3      | Found a runed gate.
  1278 | D:3      | Found a runed gate.
  1278 | D:3      | Found a runed gate.
  1319 | D:3      | Killed Oddysee's ghost
  1319 | D:3      | Reached skill level 5 in Axes
  2052 | D:3      | Reached XP level 7. HP: 59/62 MP: 4/4
  2234 | D:4      | Reached skill level 5 in Shields
  2254 | D:4      | Reached skill level 6 in Axes
  2254 | D:4      | Reached skill level 5 in Armour
  2756 | D:5      | Entered Level 5 of the Dungeon
  2901 | D:5      | Noticed Blork the orc
  2914 | D:5      | Killed Blork the orc
  2914 | D:5      | Reached XP level 8. HP: 51/72 MP: 5/5
  3081 | D:5      | Reached skill level 7 in Axes
  3297 | D:5      | Found a staircase to the Ecumenical Temple.
  3308 | Temple   | Entered the Ecumenical Temple
  3412 | Temple   | Became a worshipper of Makhleb the Destroyer
  3661 | D:5      | Noticed Grinder
  3676 | D:5      | Killed Grinder
  4011 | D:6      | Gained mutation: You are partially covered in iridescent scales. (AC +2) [potion of mutation]
  4011 | D:6      | Gained mutation: Your mind is acute. (Int +2) [potion of mutation]
  4011 | D:6      | Gained mutation: You passively map the area around you. [potion of mutation]
  4011 | D:6      | Gained mutation: Your mind is very acute. (Int +4) [potion of mutation]
  4234 | D:6      | Reached skill level 8 in Axes
  4509 | D:6      | Reached * piety under Makhleb
  4513 | D:6      | Mutation became permanent: You passively map a small area around you. [Deep Dwarf growth]
  4513 | D:6      | Gained mutation: You passively map the area around you. [Deep Dwarf growth]
  4513 | D:6      | Reached XP level 9. HP: 68/79 MP: 4/4
  4560 | D:6      | Found a runed gate.
  4561 | D:6      | Found a runed gate.
  4561 | D:6      | Noticed tminei's ghost (novice TrBe)
  4562 | D:6      | Found a runed gate.
  4611 | D:6      | HP: 1/79 [tminei's ghost (9)]
  4612 | D:6      | Mangled by tminei's ghost

Vault maps used:
D:1:      shiori_arrival_whats_in_store_for_you, kennysheep_another_room
D:2:      st_stairs_11, uniq_terence
D:3:      cheibrodos_helix_gallery, gammafunk_ghost_split, first_ration,
          uniq_sigmund
D:4:      minmay_hedge_maze
D:5:      minmay_temple_entry_glassed_door, uniq_blork_the_orc, uniq_grinder
D:6:      ebering_ghost_rock_garden
Temple:   minmay_crystal_snake_temple

Skill      XL: |  1  2  3  4  5  6  7  8 |
---------------+-------------------------+-----
Fighting       | 3 4 |  4.7
Axes           | 3 4 5 6 8 |  8.4
Shields        | 4 5 6 |  6.1
Armour         | 4 5 6 |  6.7
Dodging        | 1 2 3 |  3.4
Stealth        | |  0.7

Action                   |  1- 3 |  4- 6 |  7- 9 || total
-------------------------+-------+-------+-------++-------
Melee: War axe           |    99 |   118 |   303 ||   520
Throw: Javelin           |       |     8 |    21 ||    29
 Abil: Heal Wounds       |     1 |     6 |    18 ||    25
Evoke: Wand              |       |       |     2 ||     2
  Use: Scroll            |       |       |    18 ||    18
       Potion            |       |       |     1 ||     1
  Eat: Chunk             |       |     4 |     5 ||     9
       Ration            |       |       |     1 ||     1
Armor: Scale mail        |    55 |    59 |   148 ||   262
Dodge: Dodged            |    50 |    46 |    82 ||   178
Block: Shield            |    62 |    76 |   155 ||   293

Table legend:
 A = Spawn XP
 B = Non-spawn XP
 C = Spawn XP percentage of total XP
 D = Spawn monster count
 E = Non-spawn monster count
 F = Spawn count percentage of total count
 G = Total turns spent on level
                    A         B        C        D         E        F      G
               +---------+---------+-------+---------+---------+-------+---------
         Total |       0 |    2812 |   0.0 |       0 |     121 |   0.0 |  4612
               +---------+---------+-------+---------+---------+-------+---------
           D:1 |       0 |      30 |   0.0 |       0 |      15 |   0.0 |   654
           D:2 |       0 |     141 |   0.0 |       0 |      20 |   0.0 |   498
           D:3 |       0 |     564 |   0.0 |       0 |      30 |   0.0 |  1065
           D:4 |       0 |     541 |   0.0 |       0 |      15 |   0.0 |   539
           D:5 |       0 |     632 |   0.0 |       0 |      18 |   0.0 |  1030
           D:6 |       0 |     904 |   0.0 |       0 |      23 |   0.0 |   636
               +---------+---------+-------+---------+---------+-------+---------
